 Dungeon Crawl Stone Soup version 0.28-a0-726-g4a9143789a (webtiles) character file.

Game seed: 17912314778692296465

126 ytrimaz the Sneak (level 5, -3/42 HPs)
             Began as a Formicid Delver on Oct 27, 2021.
             Splashed by a jelly's acid (7 damage)
             ... on level 4 of the Dungeon.
             The game lasted 00:04:05 (3412 turns).

ytrimaz the Sneak (Formicid Delver)                 Turns: 3412, Time: 00:04:05

Health: -3/42      AC: -4    Str: 24    XL:     5   Next: 32%
Magic:  5/5        EV: 10    Int:  9    God:
Gold:   173        SH:  0    Dex: 12    Spells: 4/4 levels left

rFire   . . .      SeeInvis +   a - +0 hand axe
rCold   . . .      Faith    .   (no shield)
rNeg    . . .      Spirit   .   h - +1 scale mail
rPois   .          Reflect  .   (helmet unavailable)
rElec   .          Harm     .   (no cloak)
rCorr   .          Rampage  .   (no gloves)
Will    .....                   (no boots)
Stlth   ++........              (no amulet)
HPRegen 0.14/turn               g - +6 ring of strength
MPRegen 0.09/turn               (no ring)

@: corroded
A: permanent stasis, dig shafts and tunnels, antennae 3, four strong arms
a: Dig, Shaft Self


You were on level 4 of the Dungeon.
You visited 1 branch of the dungeon, and saw 5 of its levels.

You collected 173 gold pieces.

Inventory:

Hand Weapons
 a - a +0 hand axe (weapon)
 r - a +0 war axe
Armour
 h - a +1 scale mail (worn)
Jewellery
 g - a +6 ring of strength (left hand)
Wands
 f - a wand of digging (3)
 i - a wand of iceblast (10)
 m - a wand of acid (7)
Scrolls
 c - 3 scrolls of fog
 d - 5 scrolls of magic mapping
 e - a scroll of fear
 o - 2 scrolls of teleportation
Potions
 b - 3 potions of magic
 j - a potion of flight {unknown}
 k - 3 potions of degeneration {unknown}
 l - 2 potions of lignification
 n - a potion of berserk rage {unknown}
 p - a potion of curing {unknown}
 q - a potion of attraction {unknown}


   Skills:
 + Level 4.3 Fighting
 + Level 3.1 Axes
 * Level 3.2 Armour
 - Level 1.7 Dodging
 - Level 6.0 Stealth


You had 4 spell levels left.
You didn't know any spells.
Your spell library contained the following spells:

 Spells                   Type           Power      Damage    Failure   Level
 Call Canine Familiar     Summ           0%         N/A       96%         3
 Portal Projectile        Hex/Tloc       0%         N/A       96%         3
 Leda's Liquefaction      Hex/Erth       0%         N/A       100%        4


Dungeon Overview and Level Annotations

Branches:
Dungeon (5/15)
 Temple: D:4-7

Altars:
Trog
Vehumet
Wu Jian


Innate Abilities, Weirdness & Mutations

You cannot be hasted, slowed, berserked, paralysed or teleported.
You can dig through walls and to a lower floor.
You have a pair of large antennae on your head. (SInv)
Your four strong arms can wield two-handed weapons with a shield.


Message History

You see here a giant cockroach corpse.
You see here a +0 war axe.
r - a +0 war axe Done exploring.
Done exploring.
Done exploring.
There is an ornate altar of the Wu Jian Council here.
You see here a giant cockroach corpse.
There is an open door here.
There is an escape hatch in the floor here.
You slide downwards.
The hatch slams shut behind you.
You open the door.
Found a radiant altar of Vehumet.
There is an open door here.
There is a radiant altar of Vehumet here.
You open the door.
There is an open door here.
You see here a +0 leather armour.
A jelly is nearby!
A hound comes into view.
A hound comes into view.
The helpless jelly fails to defend itself.
You hit the jelly. The acid corrodes you!
Your hands burn!
The jelly is lightly wounded.
The helpless hound fails to defend itself.
You hit the hound. The jelly hits you.
You are splashed with acid!
The hound misses you.
You slash the jelly! The acid corrodes you!
Your hands burn!
The jelly is heavily wounded.
You closely miss the hound. The hound bites you. The jelly hits you.
The acid corrodes you!
You are splashed with acid!
The hound barely misses you. The jelly hits you.
You are splashed with acid!
* * * LOW HITPOINT WARNING * * *
You hit the jelly. The acid corrodes you!
Your hands burn!
* * * LOW HITPOINT WARNING * * *
The jelly is heavily wounded.
You hit the hound.
The hound closely misses you. x2; The jelly hits you.
* * * LOW HITPOINT WARNING * * *
The acid corrodes you!
You are splashed with acid!
You die...

#..........
##.#########.#########
...........>......(..
#.#.#............##..
#.#...#####.####.###.
.###..(........#
#.####
....#.....###..#
#..... #.h..h.###..#
#####. #J@.###...## #.
{##.........#######.
...
######..[)........)
#O#
##.>..(.............
#.#.#
#...###...#.######..
#.#.###.#.#.###.##.#
#..
#.#.##.##(##.##.##.#
#..
#.#.#.#.........##.##
###
#.#.##..#.##)#####..##


You could see 2 hounds and a jelly.

Vanquished Creatures
  A hound (D:3)
  A hound skeleton (D:4)
  2 adders (D:2)
  An adder skeleton (D:4)
  A worm (D:2)
  3 endoplasms
  3 giant cockroaches
  5 goblins
  3 hobgoblins
  10 jackals (D:1)
  2 quokkas
  8 ball pythons
  8 bats
  2 frilled lizards
  4 kobolds
  4 rats
58 creatures vanquished.

Notes
Turn   | Place    | Note
-------+----------+-------------------------------------------
     0 | D:5      | ytrimaz the Formicid Delver began the quest for the Orb.
     0 | D:5      | Reached XP level 1. HP: 18/18 MP: 1/1
    66 | D:4      | Noticed an ogre
   144 | D:4      | Noticed a jelly
   287 | D:4      | Reached skill level 1 in Armour
   287 | D:4      | Reached XP level 2. HP: 21/25 MP: 2/2
   497 | D:3      | Reached XP level 3. HP: 22/30 MP: 3/3
   625 | D:3      | Reached XP level 4. HP: 36/37 MP: 4/4
   785 | D:3      | Found a faded altar of an unknown god.
   819 | D:3      | Found a bloodstained altar of Trog.
  2302 | D:1      | Reached XP level 5. HP: 42/42 MP: 5/5
  3316 | D:3      | Found an ornate altar of the Wu Jian Council.
  3382 | D:4      | Found a radiant altar of Vehumet.
  3412 | D:4      | Splashed by a jelly's acid

Illustrated notes

Levels and vault maps discovered:
D:1:      dpeg_arrival_fog, layout_basic, serial_aquarium,
          aquarium_bridge_long_separate [aquarium_subvault_bridge,
          aquarium_subvault_window, aquarium_subvault_bridge,
          aquarium_subvault_balcony, aquarium_subvault_window,
          aquarium_subvault_bridge], aquarium_window_corner, aquarium_window_1,
          aquarium_view_2e, aquarium_view_2c, aquarium_balcony_double_2,
          aquarium_pool_five
D:2:      layout_basic, minmay_misc_feat_iff, minivault_25,
          small_statue_intersection
D:3:      layout_loops_cross, nicolae_wu_jian_immortal_techniques,
          mainiacjoe_overflow_surrounded_room,
          shapermc_ecumenical_altar_totnotflames
D:4:      layout_loops_ring, kennysheep_little_box, uniq_duvessa
D:5:      layout_rooms, fedhas_ov_isle_minmay,
          minmay_temple_entry_statues_pillars, minmay_misc_feat_chi, hex_medium,
          chequers_serial_rivers_small_3, mrwooster_statue_mirror,
          uniq_eustachio

Skill      XL: |  1  2  3  4  5 |
---------------+----------------+-----
Armour         | 1 2 3 |  3.2
Fighting       | 4 |  4.3
Axes           | 3 |  3.1
Dodging        | |  1.7
Stealth        | |  6.0

Action                   |  1- 3 |  4- 6 || total
-------------------------+-------+-------++-------
Melee: Hand axe          |    19 |   153 ||   172
  Use: Scroll            |       |     5 ||     5
 Stab: Sleeping          |     4 |     3 ||     7
Armor: Leather armour    |     4 |       ||     4
       Scale mail        |     4 |   109 ||   113
Dodge: Dodged            |    12 |   111 ||   123

Table legend: (Time is in decaauts)
 A = Elapsed time spent in this place.
 B = Non-inter-level travel time spent in this place.
 C = Inter-level travel time spent in this place.
 D = Time resting spent in this place.
 E = Time spent auto-exploring this place.
 F = Levels seen in this place.
 G = Mean time per level.
                   A        B        C        D        E       F      G
               +--------+--------+--------+--------+--------+-----+--------+
         Total |   3439 |   3335 |    104 |    194 |   2457 |   5 |  687.8 |
       Dungeon |   3439 |   3335 |    104 |    194 |   2457 |   5 |  687.8 |
               +--------+--------+--------+--------+--------+-----+--------+

Top non-repeatable levels by time:
     D:2: 1050 daAuts
     D:1: 980 daAuts
     D:3: 877 daAuts
     D:4: 463 daAuts
     D:5: 66 daAuts
